 Dungeon Crawl Stone Soup version 0.31-a0-692-gf03d1854d5 (webtiles) character file.

Game seed: 8993021055352399914

205 qw the Shooter (level 5, 0/32 HPs)
             Began as a Gargoyle Hunter on Sept 6, 2023.
             Slain by Robin
             ... wielding a +0 spear
              (1 damage)
             ... on level 4 of the Dungeon.
             The game lasted 00:00:51 (2396 turns).

qw the Shooter (Gargoyle Hunter)                    Turns: 2396, Time: 00:00:52

Health: 0/32       AC: 10    Str: 14    XL:     5   Next: 83%
Magic:  5/5        EV: 11    Int: 10    God:
Gold:   137        SH:  0    Dex: 15    Spells: 4/4 levels left

rFire   . . .        Y - +1 shortbow
rCold   . . .        (shield currently unavailable)
rNeg    + . .        c - +0 leather armour
rPois   inf          (no helmet)
rElec   +            (no cloak)
rCorr   .            (no gloves)
SInv    .            d - +2 pair of boots
Will    .....        (no amulet)
Stlth   ++           (no ring)
HPRegen 0.25/turn    (no ring)
MPRegen 0.09/turn

%: no passive effects
@: no status effects
A: sickness immunity, AC +4, negative energy resistance 1, electricity
resistance, torment resistance 1, petrification resistance
a: no special abilities


You were on level 4 of the Dungeon.
You visited 1 branch of the dungeon, and saw 4 of its levels.

You collected 193 gold pieces.
You spent 56 gold pieces at shops.


Innate Abilities, Weirdness & Mutations

You are immune to sickness and miasma.
Your stone body is resilient. (AC +4)
You are immune to poison.
You resist negative energy. (rN+)
You are resistant to electric shocks. (rElec)
You are resistant to unholy torment.
You are immune to petrification.


   Skills:
 - Level 3.5 Fighting
 - Level 6.2 Ranged Weapons
 + Level 0.9 Armour
 - Level 1.5 Dodging
 - Level 1.1 Stealth


You had 4 spell levels left.
You didn't know any spells.
Your spell library was empty.

Inventory:

Hand Weapons
 Y - a +1 shortbow (weapon)
Armour
 c - a +0 leather armour (worn)
 d - a +2 pair of boots (worn)
Scrolls
 a - 3 scrolls of identify
Potions
 b - 2 potions of might
 g - a potion of curing

Dungeon Overview and Level Annotations

Branches:
Dungeon (4/15)
 Temple: D:4-7

Altars:
Elyvilon
Fedhas
Hepliaklqana
Trog
Yredelemnul

Shops:
D:3 *:(

Annotations:
D:3 exclusion: 2 endoplasms
D:4 Robin


Message History

Robin hits you from afar with a +0 spear.
You shoot an arrow. The arrow barely misses the jackal.
The jackal misses you. The jackal barely misses you.
The jackal bites you but does no damage.
The goblin hits you with a +0 dagger. The goblin barely misses you.
Robin hits you but does no damage.
The jackal bites you but does no damage.
You shoot an arrow. The arrow misses the jackal.
The jackal bites you but does no damage.
The jackal barely misses you. The goblin barely misses you.
Robin closely misses you. The goblin hits you but does no damage.
The jackal bites you but does no damage.
You shoot an arrow. The arrow closely misses the jackal.
The jackal bites you but does no damage.
The jackal barely misses you. The goblin misses you.
The goblin closely misses you. Robin hits you but does no damage.
The jackal bites you but does no damage.
You shoot an arrow. The arrow hits the jackal!
You kill the jackal!
The jackal misses you. The goblin closely misses you.
The goblin hits you but does no damage.
Robin says, "A pitiful Gargoyle like you will never find the ORB!"
Robin hits you from afar with a +0 spear.
The jackal completely misses you.
You shoot an arrow. The arrow barely misses the goblin.
The jackal bites you but does no damage.
The goblin hits you with a +0 dagger. Robin misses you.
The goblin hits you with a +0 club.
The jackal bites you but does no damage.
You shoot an arrow. The arrow hits the goblin!
You kill the goblin!
Robin closely misses you. The goblin hits you but does no damage.
The jackal barely misses you.
You shoot an arrow. The arrow hits the jackal.
You kill the jackal!
Robin hits you but does no damage. The goblin hits you with a +0 dagger.
The goblin hits you but does no damage.
Robin hits you from afar with a +0 spear.
You die...
Robin calls out, "Let's celebrate!
Time for a feast!"

.. .. ##+######## .. ..:
..........### #. ....
..............#..##+###....
..............#.g#g.......
..............# .'.....#
..............####g)...#
..#'######.....g@)...$.#
..#......+.....%)).....#
..#......#.............#
..#'####+#.............#
..............####.......
..............+ #........
..............# #.........
##............# #.........
#........##### .....


You could see Robin and a goblin (strong).

Vanquished Creatures
  A howler monkey (D:4)
  An orc priest (D:2)
  A hound (D:4)
  A gnoll (D:1)
  2 adders (D:3)
  2 dart slugs
  6 orcs
  5 bats
  3 endoplasms
  A giant cockroach (D:2)
  6 hobgoblins
  3 jackals (D:4)
  5 kobolds
  2 quokkas
  7 ball pythons
  4 frilled lizards
  12 goblins
  5 rats
  A spectral hobgoblin (D:2)
  A spectral orc (D:3)
69 creatures vanquished.

Notes
Turn   | Place    | Note
-------+----------+-------------------------------------------
     0 | D:1      | qw the Gargoyle Hunter began the quest for the Orb.
     0 | D:1      | Reached XP level 1. HP: 12/12 MP: 1/1
     0 | D:1      | 0 ||| qw: Version: 0.3-a-76-g4403597
     0 | D:1      | 0 ||| qw: Game counter: 177
     0 | D:1      | 0 ||| qw: Melee chars always use a shield: true
     0 | D:1      | 0 ||| qw: God list: Okawaru
     0 | D:1      | 0 ||| qw: Allow faded altars: false
     0 | D:1      | 0 ||| qw: Do Orc after clearing Dungeon:15 true
     0 | D:1      | 0 ||| qw: Do second Lair branch before Depths: true
     0 | D:1      | 0 ||| qw: Lair rune preference: random
     0 | D:1      | 0 ||| qw: Goals: Normal
     0 | D:1      | 0 ||| PLANNING D:1-11
    91 | D:1      | Reached XP level 2. HP: 17/17 MP: 2/2
   252 | D:1      | Reached XP level 3. HP: 21/21 MP: 3/3
   376 | D:1      | Reached skill level 5 in Ranged Weapons
   605 | D:1      | 605 ||| READING 3 scrolls labelled LOUVIU YXKINAH.
   606 | D:1      | 606 ||| READING scroll labelled YXAGIYRULA.
   611 | D:1      | 611 ||| DRINKING 2 lumpy pink potions.
   648 | D:1      | 648 ||| DROPPING scroll of butterflies.
   649 | D:1      | 649 ||| DROPPING potion of lignification.
   659 | D:2      | Found a blossoming altar of Fedhas.
   704 | D:2      | 704 ||| Stepping ~*~*~tactically~*~*~ (retreating).
   716 | D:2      | Reached skill level 3 in Fighting
   716 | D:2      | Reached XP level 4. HP: 17/28 MP: 4/4
   908 | D:2      | Found a faded altar of an unknown god.
  1292 | D:2      | 1292 ||| UPGRADING to +2 pair of boots.
  1297 | D:2      | 1297 ||| READING scroll labelled YCAOROGEGY.
  1298 | D:2      | 1298 ||| READING scroll labelled HAGOIRI KAGO.
  1299 | D:2      | 1299 ||| DRINKING 2 fuming golden potions.
  1300 | D:2      | 1300 ||| DRINKING 2 black potions.
  1310 | D:3      | Found Miulief's General Store.
  1310 | D:3      | Found Riufuucs's Book Shoppe.
  1313 | D:3      | 1313 ||| BUYING scroll of identify (28 gold).
  1313 | D:3      | Bought a scroll of identify for 28 gold pieces
  1313 | D:3      | 1313 ||| BUYING scroll of identify (28 gold).
  1313 | D:3      | Bought a scroll of identify for 28 gold pieces
  1383 | D:3      | Found Sagga's Antique Weapon Shoppe.
  1393 | D:3      | 1393 ||| READING 2 scrolls labelled UKHLEYLAGGUA.
  1394 | D:3      | 1394 ||| DROPPING scroll of noise.
  1572 | D:3      | Reached XP level 5. HP: 32/32 MP: 5/5
  1579 | D:3      | Found a hazy altar of Hepliaklqana.
  1883 | D:3      | Found a bloodstained altar of Trog.
  1883 | D:3      | Found a white marble altar of Elyvilon.
  1998 | D:3      | Found a basalt altar of Yredelemnul.
  2226 | D:3      | 2226 ||| READING scroll labelled OREOLA EPNE.
  2227 | D:3      | 2227 ||| READING 6 scrolls of identify.
  2227 | D:3      | 2227 ||| IDENTIFYING murky ruby potion
  2228 | D:3      | 2228 ||| READING 5 scrolls of identify.
  2228 | D:3      | 2228 ||| IDENTIFYING bubbling golden potion
  2229 | D:3      | 2229 ||| READING 4 scrolls of identify.
  2229 | D:3      | 2229 ||| IDENTIFYING silvery potion
  2230 | D:3      | 2230 ||| DROPPING potion of degeneration.
  2231 | D:3      | 2231 ||| DROPPING potion of attraction.
  2360 | D:4      | Identified the +3 helmet "Cytim" {rElec rPois rF-}
  2360 | D:4      | Noticed Robin
  2360 | D:4      | 2360 ||| Stepping ~*~*~tactically~*~*~ (outnumbered).
  2367 | D:4      | Reached skill level 6 in Ranged Weapons
  2370 | D:4      | 2370 ||| Stepping ~*~*~tactically~*~*~ (outnumbered).
  2372 | D:4      | 2372 ||| Stepping ~*~*~tactically~*~*~ (outnumbered).
  2385 | D:4      | HP: 7/32 [jackal (2)]
  2385 | D:4      | HP: 2/32 [goblin/+2 dagger of protection[Robin] (3)]
  2386 | D:4      | 2386 ||| DRINKING potion of heal wounds.
  2393 | D:4      | HP: 6/32 [Robin/+0 spear (3)]
  2396 | D:4      | HP: 1/32 [goblin/+0 dagger[Robin] (2)]
  2396 | D:4      | Slain by Robin

Levels and vault maps discovered:
D:1:      minmay_arrival_cross, layout_basic, minmay_misc_feat_secret_circle,
          roderic_three_in_a_row
D:2:      layout_loops_cross, dreamdust_ecumenical_altar_drowned_temple,
          basic_altar, kennysheep_generic_room_13
D:3:      layout_loops_ring, amethyst_overflow_temple_binary,
          yredelemnul_forgotten_temple_becter, mainiacjoe_overflow_catwalk,
          serial_shops, shop, nicolae_shop_trees, nicolae_shop_statue_plus,
          minmay_misc_feat_tower, minivault_26
D:4:      layout_gridville, grunt_temple_overflow_growth_and_decay,
          temple_statues, serial_shops, shop, uniq_robin

Skill      XL: |  1  2  3  4  5 |
---------------+----------------+-----
Ranged Weapons | 5 6 |  6.2
Fighting       | 3 |  3.5
Armour         | |  0.9
Dodging        | |  1.5
Stealth        | |  1.1

Action                     |  1- 3 |  4- 6 || total
---------------------------+-------+-------++-------
   Fire: Shortbow          |    65 |   123 ||   188
    Use: Scroll            |     2 |     7 ||     9
         Potion            |     1 |     3 ||     4
 Armour: Leather armour    |    19 |   108 ||   127
  Dodge: Dodged            |    15 |   101 ||   116

Table legend:
 A = Non-vault XP
 B = Vault XP
 C = Vault XP percentage of total XP
 D = Non-vault monster count
 E = Vault monster count
 F = Vault count percentage of total count
                 A         B        C        D         E       F
            +---------+---------+-------+---------+---------+-------
      Total |     279 |      16 |   5.4 |      60 |       9 |  13.0
            +---------+---------+-------+---------+---------+-------
        D:1 |      44 |       0 |   0.0 |      19 |       0 |   0.0
        D:2 |      73 |       3 |   3.9 |      16 |       2 |  11.1
        D:3 |      52 |       1 |   1.9 |      17 |       1 |   5.6
        D:4 |     110 |      12 |   9.8 |       8 |       6 |  42.9
            +---------+---------+-------+---------+---------+-------
